 Dungeon Crawl Stone Soup version 0.29-a0-517-gbdf32494f2 (webtiles) character file.

Game seed: 3087336150728089575

62 xian the Gusty (level 3, 0/24 HPs)
             Began as a Demonspawn Air Elementalist on May 30, 2022.
             Slain by a hobgoblin (4 damage)
             ... led by Robin
             ... on level 2 of the Dungeon.
             The game lasted 00:04:31 (1495 turns).

xian the Gusty (Demonspawn Air Elementalist)        Turns: 1495, Time: 00:04:31

Health: 0/24       AC:  6    Str:  8    XL:     3   Next: 85%
Magic:  6/6        EV: 12    Int: 18    God:
Gold:   72         SH:  0    Dex: 13    Spells: 6/7 levels left

rFire   . . .      SeeInvis .   m - +4 short sword
rCold   . . .      Faith    .   (no shield)
rNeg    . . .      Spirit   .   a - +0 robe
rPois   .          Reflect  .   (no helmet)
rElec   .          Harm     .   (no cloak)
rCorr   .          Rampage  .   (no gloves)
Will    .....                   (no boots)
Stlth   ++........              (no amulet)
HPRegen 0.08/turn               c - +4 ring of protection
MPRegen 0.10/turn               (no ring)

@: very slightly contaminated
A: powered by pain 2
a: no special abilities


You were on level 2 of the Dungeon.
You visited 1 branch of the dungeon, and saw 2 of its levels.

You collected 72 gold pieces.

Inventory:

Hand Weapons
 m - a +4 short sword (weapon)
Armour
 a - a +0 robe (worn)
Magical Staves
 o - a staff of conjuration
Jewellery
 c - a +4 ring of protection (left hand)
Scrolls
 d - a scroll of enchant armour {unknown}
 e - a scroll of noise {unknown}
 f - a scroll of poison {unknown}
 g - a scroll of fog {unknown}
 j - a scroll of immolation {unknown}
 k - 3 scrolls of teleportation {unknown}
 n - a scroll of summoning {unknown}
Potions
 h - a potion of mutation {unknown}
 i - a potion of curing {unknown}
 l - a potion of brilliance {unknown}


   Skills:
 + Level 0.2 Fighting
 + Level 0.1 Short Blades
 + Level 1.8 Dodging
 + Level 2.1 Stealth
 + Level 2.5 Spellcasting
 + Level 1.6 Conjurations
 + Level 3.5 Air Magic


You had 6 spell levels left.
You knew the following spells:

 Your Spells              Type           Power      Damage    Failure   Level
a - Shock                 Conj/Air       44%        1d5       6%          1

Your spell library contained the following spells:

 Spells                   Type           Power      Damage    Failure   Level
 Magic Dart               Conj           32%        1d4       9%          1
 Static Discharge         Conj/Air       11%        N/A       9%          2
 Swiftness                Air            15%        N/A       12%         3
 Searing Ray              Conj           16%        2d5       13%         2
 Sublimation of Blood     Necr           2%         N/A       26%         2
 Airstrike                Air            7%         N/A       36%         4
 Fulminant Prism          Conj/Hex       2%         3d6       77%         4
 Iskenderun's Mystic Bla  Conj/Tloc      5%         2d3       77%         4
 Petrify                  Tmut/Erth      2%         N/A       86%         4
 Irradiate                Conj/Tmut      2%         3d14      98%         5
 Lee's Rapid Deconstruct  Erth           1%         3d5*      99%         5


Dungeon Overview and Level Annotations

Branches:
Dungeon (2/15)

Altars:

Annotations:
D:2 Robin


Innate Abilities, Weirdness & Mutations

You sometimes gain power by taking damage.


Message History

The goblin hits you but does no damage.
You hit the goblin.
The goblin is severely wounded.
The hobgoblin hits you. The goblin hits you with a +0 dagger.
The goblin barely misses you.
You hit the goblin.
You kill the goblin!
The hobgoblin barely misses you. The goblin hits you with a +0 dagger.
You hit the hobgoblin.
The hobgoblin is moderately wounded.
Robin throws the goblin at you! The hobgoblin hits you.
The goblin closely misses you.
The goblin splashes around in the water.
You hit the goblin.
You kill the goblin!
The hobgoblin closely misses you. The goblin hits you but does no damage.
Robin throws the goblin at you! The hobgoblin hits you.
You hit the goblin.
You kill the goblin!
The goblin barely misses you. The hobgoblin closely misses you.
The hobgoblin hits you but does no damage.
Items here: $ ))).
The goblin attacks as you move away! The goblin misses you.
You are too injured to fight recklessly!
Aiming: Shock (safe; 6% risk of failure)
Press: ? - help, Q - select action Shift-Dir - straight line You miscast Shock.
You are very lightly contaminated with residual magic.
Nothing appears to happen.
The goblin hits you with a +0 dagger.
* * * LOW HITPOINT WARNING * * *
Aiming: Shock (safe; 6% risk of failure)
Press: ? - help, Q - select action Shift-Dir - straight line The zap hits the goblin.
You kill the goblin!
The zap hits Robin.
Robin is moderately wounded.
The hobgoblin misses you. Magic courses through your body.
The hobgoblin hits you.
You die...

#.........# #...#
#.# #.......###
#...# #.# #.......#
#...######.#
#######.#
#.#......... #†#
#.#.######.#
####)######## #.#.#
##'#
#....)......######.#
#...
#.....)............#
#..( #...........@#
#.<. #..........gg#
#... #...........)#
##.. #....)######g#
#.. #.....######)#
#.. #.....+.....†#
#.# ......#####)##
..# ###+# #≈# ##.#
.....))≈# #..


You could see Robin and 2 hobgoblins.

Vanquished Creatures
  An adder (D:2)
  A dart slug (D:1)
  4 ball pythons
  2 bats (D:1)
  A giant cockroach (D:2)
  14 goblins
  5 hobgoblins
  2 jackals (D:2)
  2 quokkas
  7 kobolds
  5 rats
44 creatures vanquished.

Notes
Turn   | Place    | Note
-------+----------+-------------------------------------------
     0 | D:1      | xian the Demonspawn Air Elementalist began the quest for
                  | the Orb.
     0 | D:1      | Reached XP level 1. HP: 13/13 MP: 3/3
   190 | D:1      | Reached skill level 3 in Air Magic
   452 | D:1      | Gained mutation: You sometimes gain a little power by
                  | taking damage. [demonic ancestry]
   452 | D:1      | Reached XP level 2. HP: 19/19 MP: 0/5
  1213 | D:2      | Gained mutation: You sometimes gain power by taking damage.
                  | [demonic ancestry]
  1213 | D:2      | Reached XP level 3. HP: 22/24 MP: 2/6
  1468 | D:2      | Noticed Robin
  1495 | D:2      | Slain by a hobgoblin

Illustrated notes

Levels and vault maps discovered:
D:1:      evilmike_arrival_plus, layout_rooms, ebering_dispersal_statue_hall
D:2:      layout_basic, chequers_serial_rivers_small_a,
          corexii_item_surrounded_by_moat, uniq_robin

Skill      XL: |  1  2  3 |
---------------+----------+-----
Air Magic      | 3 |  3.5
Stealth        | 2 |  2.1
Fighting       | |  0.2
Short Blades   | |  0.1
Dodging        | |  1.8
Spellcasting   | |  2.5
Conjurations   | |  1.6

Action                   || total
-------------------------++-------
Melee: Club              ||    15
       Short sword       ||    16
 Cast: Shock             ||    60
  Use: Potion            ||     1
Armor: Robe              ||    22
Dodge: Dodged            ||    30

Table legend: (Time is in decaauts)
 A = Elapsed time spent in this place.
 B = Non-inter-level travel time spent in this place.
 C = Inter-level travel time spent in this place.
 D = Time resting spent in this place.
 E = Time spent auto-exploring this place.
 F = Levels seen in this place.
 G = Mean time per level.
                   A        B        C        D        E       F      G
               +--------+--------+--------+--------+--------+-----+--------+
         Total |   1502 |   1446 |     56 |     46 |   1154 |   2 |  751.0 |
       Dungeon |   1502 |   1446 |     56 |     46 |   1154 |   2 |  751.0 |
               +--------+--------+--------+--------+--------+-----+--------+

Top non-repeatable levels by time:
     D:1: 1200 daAuts
     D:2: 301 daAuts
